 Dungeon Crawl Stone Soup version 0.23-a0-417-gf02c810 (webtiles) character file.

1205787 nujazz the Conqueror (level 27, 0/216 (218) HPs)
             Began as a Minotaur Berserker on Nov 9, 2018.
             Was the Champion of the Shining One.
             Succumbed to an ushabti's dark miasma
             ... on level 3 of the Tomb of the Ancients on Nov 10, 2018.
             The game lasted 06:01:37 (86863 turns).

nujazz the Conqueror (Minotaur Berserker)          Turns: 86863, Time: 06:01:38

HP:   0/216 (218)   AC: 32    Str: 20 (23) XL:     27
MP:   12/31         EV: 19    Int:  8      God:    the Shining One [******]
Gold: 9554          SH: 37    Dex: 11 (15) Spells: 26/26 levels left

rFire    + . .     SeeInvis +   g - +9 broad axe (holy)
rCold    + + .     Gourm    .   k - +6 large shield {AC+3}
rNeg     + + +     Faith    .   Q - +3 plate armour {rC+}
rPois    +         Spirit   .   q - +1 hat
rElec    +         Reflect  +   m - scarf {repulsion}
rCorr    .         Harm     .   U - +1 pair of gloves {Str+3}
MR       +++++     Rnd*Rage +   h - +2 pair of boots {run}
Stlth    ..........             B - amulet "Qamnam" {Reflect rElec rPois Str-2 SH+2 SInv}
HPRegen  0.46/turn              I - ring of Diecojoe {rF+ rC+ Slay+6}
MPRegen  0.22/turn              K - ring "Iwky" {MR+++ Int+4}

@: lethally poisoned (0 -> -10), slowed, glowing, studying 2 skills, repel
missiles, very slow
A: retaliatory headbutt, horns 2, large bone plates 1, berserk 2, blurry vision
2, clumsy 1, deformed body, deterioration 2, dopey 1, frail 2, low mp 2, magic
resistance 1, shaggy fur 1, weak 2, subdued magic 2
}: 13/15 runes: serpentine, barnacled, slimy, silver, obsidian, icy, bone,
abyssal, demonic, glowing, magical, fiery, dark
a: Divine Shield, Cleansing Flame, Summon Divine Warrior, Renounce Religion


You were on level 3 of the Tomb of the Ancients.
You worshipped the Shining One.
The Shining One was exalted by your worship.
You were not hungry.

You visited 16 branches of the dungeon, and saw 78 of its levels.
You visited Pandemonium 1 time, and saw 17 of its levels.
You visited the Abyss 2 times.
You visited 2 bazaars.
You also visited: Labyrinth, Ice Cave and Wizlab.

You collected 12246 gold pieces.
You spent 2692 gold pieces at shops.

Inventory:

Hand Weapons
 g - a +9 broad axe of holy wrath (weapon)
 N - the +10 broad axe "Xipn" {chop, +Blink Dex+6}
   (Trog gifted it to you on level 2 of the Depths)

   It inflicts extra damage upon your enemies.
   It affects your dexterity (+6).
   It lets you blink.
Missiles
 o - 3 javelins
 t - 6 throwing nets
 M - 43 poisoned javelins
 P - 3 javelins of penetration
 W - 10 steel javelins (quivered)
Armour
 h - a +2 pair of boots of running (worn)
 k - a +6 large shield of protection (worn)
 m - a scarf of repulsion (worn)
 q - a +1 hat (worn)
 Q - a +3 plate armour of cold resistance (worn)
 U - a +1 pair of gloves of strength (worn)
Jewellery
 a - the ring of Compassion {+Fly rN+ Str+4 Dex+3}
   (You found it in Pandemonium)

   [ring of flight]

   It affects your strength (+4).
   It affects your dexterity (+3).
   It protects you from negative energy.
   It lets you fly.
 j - the ring of Icyul {Fire rElec rN+++ Str-2}
   (You found it on level 5 of the Lair of Beasts)

   [ring of fire]

   It enhances your fire magic.
   It affects your strength (-2).
   It protects you from fire.
   It makes you vulnerable to cold.
   It insulates you from electricity.
   It renders you almost immune to negative energy.
 n - the ring of Creativity {MR+ Str+4 Int+4}
   (You found it on level 6 of the Lair of Beasts)

   [ring of protection from magic]

   It affects your strength (+4).
   It affects your intelligence (+4).
   It affects your resistance to hostile enchantments.
 z - an uncursed ring of resist corrosion
 B - the amulet "Qamnam" (around neck) {Reflect rElec rPois Str-2 SH+2 SInv}
   (You found it on level 3 of the Shoals)

   [amulet of reflection]

   It shields you and reflects attacks.
   It affects your strength (-2).
   It insulates you from electricity.
   It protects you from poison.
   It lets you see invisible.
   It affects your SH (+2).
 I - the ring of Diecojoe (left hand) {rF+ rC+ Slay+6}
   (You found it on level 7 of the Dungeon)

   [ring of protection from cold]

   It affects your accuracy and damage with ranged weapons and melee attacks
   (+6).
   It protects you from fire.
   It protects you from cold.
 J - the ring "Otow" {*Tele rF++ rN+ Str+2 Dex-5}
   (You found it on level 5 of the Lair of Beasts)

   [ring of teleportation]

   It may teleport you next to monsters.
   It affects your strength (+2).
   It affects your dexterity (-5).
   It greatly protects you from fire.
   It protects you from negative energy.
 K - the ring "Iwky" (right hand) {MR+++ Int+4}
   (You found it on level 7 of the Dungeon)

   [ring of intelligence]

   It affects your intelligence (+4).
   It affects your resistance to hostile enchantments.
 Z - the ring of Tousmez {Wiz +Inv rPois rC+}
   (You found it in Pandemonium)

   [ring of wizardry]

   It improves your spell success rate.
   It protects you from cold.
   It protects you from poison.
   It lets you turn invisible.
Wands
 X - a wand of digging (14)
Scrolls
 d - 5 scrolls of fear
 p - 4 scrolls of magic mapping
 s - 7 scrolls of blinking
 w - a scroll of silence
 y - 18 scrolls of teleportation
 A - 9 scrolls of fog
 F - 22 scrolls of enchant weapon
 O - 4 scrolls of amnesia
 R - 31 scrolls of identify
 S - 13 scrolls of remove curse
 T - a scroll of summoning
Potions
 b - 3 potions of might
 e - 10 potions of lignification
 f - 8 potions of curing
 i - 4 potions of cancellation
 l - 7 potions of haste
 r - a potion of berserk rage
 u - 8 potions of agility
 v - 2 potions of invisibility
 x - 4 potions of ambrosia
 C - 3 potions of brilliance
 E - 5 potions of resistance
 H - 10 potions of flight
 V - a potion of magic
Books
 D - a manual of Staves
 G - a manual of Short Blades
Miscellaneous
 L - 7 boxes of beasts
Comestibles
 c - 41 rations


   Skills:
 O Level 27 Fighting
 - Level 18.0 Axes
 + Level 23.3 Throwing
 + Level 26.8 Armour
 O Level 27 Dodging
 + Level 25.9 Shields
 O Level 27 Invocations


You had 26 spell levels left.
You didn't know any spells.
Your spell library contained the following spells:

 Spells                   Type           Power        Failure   Level  Hunger
 Corona                   Hex            #......      83%         1    ##.....
 Flame Tongue             Conj/Fire      #....        83%         1    ##.....
 Infusion                 Chrm           #...         83%         1    ##.....
 Magic Dart               Conj           #...         83%         1    ##.....
 Sting                    Conj/Pois      #...         83%         1    ##.....
 Summon Butterflies       Summ           #.......     83%         1    ##.....
 Summon Small Mammal      Summ           #...         83%         1    ##.....
 Call Imp                 Summ           #.......     93%         2    ###....
 Passwall                 Tmut/Erth      #.......     93%         2    ###....
 Poisonous Vapours        Pois/Air       #.....       93%         2    ###....
 Searing Ray              Conj           #.....       93%         2    ###....
 Shroud of Golubria       Chrm/Tloc      #.........   93%         2    ###....
 Slow                     Hex            #.......     93%         2    ###....
 Song of Slaying          Chrm           #.......     93%         2    ###....
 Swiftness                Chrm/Air       #.......     93%         2    ###....
 Throw Flame              Conj/Fire      #.....       93%         2    ###....
 Call Canine Familiar     Summ           #.......     99%         3    ####...
 Conjure Flame            Conj/Fire      #.......     99%         3    ####...
 Dazzling Spray           Conj/Hex       #.....       99%         3    ####...
 Gell's Gravitas          Tloc           #.........   99%         3    ####...
 Inner Flame              Hex/Fire       #.......     99%         3    ####...
 Mephitic Cloud           Conj/Pois/Air  #.......     99%         3    ####...
 Portal Projectile        Hex/Tloc       #.....       99%         3    ####...
 Recall                   Summ/Tloc      N/A          99%         3    ####...
 Regeneration             Chrm/Necr      #.........   99%         3    ####...
 Spectral Weapon          Hex/Chrm       #.......     99%         3    ####...
 Summon Guardian Golem    Hex/Summ       #.......     99%         3    ####...
 Cause Fear               Hex            #.........   100%        4    #####..
 Force Lance              Conj/Tloc      #.......     100%        4    #####..
 Fulminant Prism          Conj/Hex       #.........   100%        4    #####..
 Iskenderun's Mystic Bla  Conj           #.......     100%        4    #####..
 Leda's Liquefaction      Hex/Erth       #.........   100%        4    #####..
 Olgreb's Toxic Radiance  Pois           #.......     100%        4    #####..
 Passage of Golubria      Tloc           N/A          100%        4    #####..
 Sticky Flame             Conj/Fire      #.......     100%        4    #####..
 Summon Ice Beast         Ice/Summ       #.......     100%        4    #####..
 Summon Lightning Spire   Summ/Air       #.......     100%        4    #####..
 Aura of Abjuration       Summ           #.........   100%        5    ######.
 Bolt of Magma            Conj/Fire/Erth #.........   100%        5    ######.
 Fireball                 Conj/Fire      #.........   100%        5    ######.
 Iskenderun's Battlesphe  Conj/Chrm      #.......     100%        5    ######.
 Lee's Rapid Deconstruct  Erth           #.........   100%        5    ######.
 Summon Demon             Summ           #.........   100%        5    ######.
 Summon Forest            Summ/Tloc      #.........   100%        5    ######.
 Summon Mana Viper        Hex/Summ       #.......     100%        5    ######.
 Venom Bolt               Conj/Pois      #.........   100%        5    ######.
 Bolt of Fire             Conj/Fire      #.........   100%        6    #######
 Darkness                 Hex            #.........   100%        6    #######
 Dispersal                Tloc           #.........   100%        6    #######
 Hydra Form               Tmut           #.........   100%        6    #######
 Invisibility             Hex            #.......     100%        6    #######
 Iron Shot                Conj/Erth      #.........   100%        6    #######
 Shadow Creatures         Summ           N/A          100%        6    #######
 Simulacrum               Ice/Necr       #.........   100%        6    #######
 Dragon Form              Tmut           #.........   100%        7    #######
 Orb of Destruction       Conj           #.........   100%        7    #######
 Spellforged Servitor     Conj/Summ      #.........   100%        7    #######
 Summon Hydra             Summ           #.........   100%        7    #######
 Controlled Blink         Tloc           N/A          100%        8    #######
 Disjunction              Tloc           #.........   100%        8    #######
 Dragon's Call            Summ           #.........   100%        9    #######


Dungeon Overview and Level Annotations

Branches:
Dungeon (15/15)            Temple (1/1) D:7            Lair (6/6) D:10
 Shoals (4/4) Lair:4        Snake (4/4) Lair:4        Slime (5/5) Lair:5
    Orc (2/2) D:9             Elf (3/3) Orc:2        Vaults (5/5) D:13
  Crypt (3/3) Vaults:2       Tomb (3/3) Crypt:3      Depths (5/5) D:15
   Hell (1/1)                 Dis (0/7) Hell            Geh (7/7) Hell
    Coc (7/7) Hell            Tar (7/7) Hell            Zot (0/5) Depths:5

Altars:
Ashenzari
Cheibriados
Dithmenos
Elyvilon
Fedhas
Gozag
Hepliaklqana
Kikubaaqudgha
Makhleb
Nemelex Xobeh
Okawaru
Qazlal
Ru
Sif Muna
Trog
Uskayaw
Vehumet
Wu Jian
Xom
Yredelemnul
Zin
The Shining One
Beogh

Shops:
D:9 ?   Orc:2 *([*   Elf:2 :%(}!   Shoals:1 (   Snake:2 *   Snake:3 =}}
Vaults:3 }:[   Depths:2 *

Portals:
Hell: Lair:6 Depths:2 Depths:3 Depths:4 Depths:5
Abyss: Depths:3 Depths:4 Depths:5
Pandemonium: Depths:3 Depths:4
Ziggurat: Depths:3
Trove: D:13 (give +3 gold dragon scales)

Annotations:
Lair:2 2 transporters, Irchumiyd's ghost, journeyman DEAE
Elf:1 exclusion: Roxanne, Roxanne
Vaults:3 3 runed doors, Norchuf's ghost, adept MiFi; Qenoimudgh's ghost, adept FeMo; Vapoch's ghost, adept MiFi
Depths:5 exclusion: orange crystal statue
Geh:7 5 exclusions
Coc:7 Antaeus
Tar:7 Ereshkigal


Innate Abilities, Weirdness & Mutations

You reflexively headbutt those who attack you in melee.
You have a pair of horns on your head.
You are partially covered in large bone plates. (SH +4)
You often lose your temper in combat.
Scrolls take you longer to read.
You are clumsy. (Dex -2)
Armour fits poorly on your strangely shaped body.
Your body often deteriorates upon taking damage.
You are dopey. (Int -2)
You are very frail. (-20% HP)
Your magical capacity is very low. (-20% MP)
You are resistant to hostile enchantments. (MR+)
You are covered in fur. (AC +1)
You are very weak. (Str -4)
Your spells are easier to cast, but less powerful.


Message History

* * * LOW HITPOINT WARNING * * *
The golden flame engulfs the death scarab.
The death scarab writhes in agony!
You destroy the death scarab!
The death scarab's corpse disappears in a puff of smoke!
The golden flame engulfs the death scarab.
The death scarab writhes in agony!
You destroy the death scarab!
The death scarab's corpse disappears in a puff of smoke!
The golden flame engulfs the red devil.
The red devil writhes in agony!
You kill the red devil!
The golden flame engulfs the guardian mummy.
The guardian mummy writhes in agony!
You destroy the guardian mummy!
The Shining One accepts your kill.
You feel extremely nervous for a moment...
You convulse helplessly as pain tears through your body!
* * * LOW HITPOINT WARNING * * *
You feel somewhat more hungry.
You die...

########
#......#
#......#
#...)..#
#.§@...#
#§.)§§4#
#§()...#
z§(zMMM.'.
..#M(MVM8#...
....#MsMsWV#
.. ...


#MM§MMM# . .. #8M848M# You could see 5 greater mummies, an emperor scorpion, a
mummy priest, 2 jiangshi, an orange demon, 8 guardian mummies, 4 ushabtiu, a
wraith, a death scarab, a red devil, a mummy and a wight.

Vanquished Creatures
  Cerebov (Pan)
  Asmodeus (Geh:7)
  Gloorx Vloq (Pan)
  the Royal Jelly (Slime:5)
  Mnoleg (Pan)
  the Serpent of Hell (Geh:7)
  An ancient lich (Crypt:3)
  7 pandemonium lords (Pan)
  Khufu (Crypt:3)
  Mara (Tomb:1)
  A juggernaut (Depths:2)
  15 greater mummies
  Boris (Vaults:4)
  Sojobo (Vaults:4)
  Margery (Vaults:4)
  15 shard shrikes
  Geryon (Hell)
  The ghost of Mgcat the Executioner, a veteran HOAK of Lugonu (Depths:1)
  3 golden dragons
  Jory (Vaults:2)
  Nikola (Elf:2)
  9 bone dragons
  5 doom hounds
  14 liches
  20 Tzitzimimeh
  21 Brimstone Fiends
  A shard shrike zombie (Crypt:2)
  A Hell Sentinel (Pan)
  4 tentacled monstrosities
  12 Ice Fiends
  The ghost of nht the Sniper, an adept MiHu of Okawaru (Shoals:3)
  A deep elf master archer (Elf:3)
  Asterion (Depths:2)
  2 titans (Vaults:5)
  An eldritch tentacle (Geh:7)
  A quicksilver dragon (Depths:4)
  3 krakens
  13 acid blobs
  2 tentacled starspawn (Abyss:3)
  12 sphinxes
  A deep elf blademaster (Elf:3)
  25 Executioners (Pan)
  9 ancient champions
  8 tengu reavers
  2 storm dragons
  3 revenants
  13 shadow dragons
  Ilsuiw (Shoals:2)
  10 fire giants
  8 blood saints (Pan)
  12 azure jellies
  11 vault wardens
  An orc warlord (Orc:2)
  3 deep elf sorcerers
  16 frost giants
  31 balrugs
  10 nagarajas
  3 curse skulls
  A ghoul (Crypt:3)
  5 warmongers (Pan)
  14 cacodemons
  2 draconian shifters
  A spectral caustic shrike (Depths:1)
  A draconian stormcaller (Depths:5)
  5 corrupters (Pan)
  2 draconian annihilators (Pan)
  The ghost of Xoiguqo the Grappler, a journeyman OgTm of Makhleb (Lair:5)
  20 ironheart preservers
  6 deep elf elementalists
  42 reapers
  A stone giant (shapeshifter) (Vaults:5)
  8 war gargoyles
  39 stone giants
  An elemental wellspring (Coc:7)
  20 very ugly things
  10 vampire knights
  9 black suns (Pan)
  10 deep elf demonologists
  9 bennus
  17 lorocyprocas
  A white draconian (Depths:5)
  A dire elephant (Lair:6)
  4 deep elf annihilators (Elf:3)
  Azrael (Orc:2)
  2 yellow draconians (Depths:5)
  6 spark wasps
  3 death oozes (Slime:5)
  8 merfolk javelineers
  32 blizzard demons
  4 crystal guardians
  10 green deaths
  28 ettins
  11 merfolk impalers
  3 deep elf death magi
  3 eidola
  5 jiangshi
  Josephine (D:10)
  4 quicksilver dragon zombies
  18 mummy priests
  10 fire dragons
  4 kraken zombies
  9 great orbs of eyes
  4 deep elf high priests
  14 ogre magi
  A spectral golden dragon (Depths:1)
  8 quicksilver dragon skeletons
  2 ghost crabs
  2 spectral shadow dragons (Depths:1)
  19 naga warriors
  3 hell beasts
  6 rakshasas
  15 yaktaur captains
  27 vault guards
  3 hydras
  Fannar (Lair:2)
  10 anacondas
  23 ice dragons
  2 spriggan air magi
  An anaconda (shapeshifter) (Vaults:5)
  8 monstrous demonspawn (Pan)
  5 death knights
  A spectral sphinx (Depths:1)
  44 two-headed ogres
  31 dancing weapons
  4 merfolk avatars
  An alligator snapping turtle (Shoals:3)
  4 merfolk aquamancers
  11 deep troll shamans
  2 satyrs
  10 centaur warriors
  8 death scarabs
  9 tengu warriors
  57 hell hogs
  18 naga sharpshooters
  12 death yaks
  8 vampire magi
  6 shock serpents
  4 titan zombies
  8 deep troll earth magi
  7 thrashing horrors
  A spriggan berserker (Depths:4)
  41 soul eaters
  Nergalle (Orc:1)
  48 large abominations
  4 iron golems
  4 storm dragon zombies
  A fire crab (Lair:4)
  4 wretched stars
  5 titan skeletons
  25 deep elf knights
  3 spectral elves (Depths:1)
  3 salamander mystics (Snake:2)
  18 shadow wraiths
  30 sixfirhies
  82 skeletal warriors
  69 sun demons
  41 hell knights
  A death drake (shapeshifter) (Depths:1)
  5 storm dragon skeletons
  11 glowing orange brains
  6 golden dragon zombies
  13 iron trolls
  5 unseen horrors
  9 anaconda zombies
  48 deep trolls
  8 sea snakes (Shoals:4)
  9 torturous demonspawn (Pan)
  7 flayed ghosts
  A kraken simulacrum (Hell)
  A ghost moth zombie (Tomb:2)
  An iron giant skeleton (Crypt:1)
  10 naga ritualists
  8 infernal demonspawn (Pan)
  22 shadow demons
  An obsidian statue (WizLab)
  6 golden dragon skeletons
  25 deep elf archers
  11 gelid demonspawn (Pan)
  12 phantasmal warriors
  Pikel (D:7)
  5 anaconda skeletons
  A harpy (shapeshifter) (Depths:3)
  13 ironbrand convokers
  A sphinx zombie (Depths:1)
  13 wizards
  A shadow dragon zombie (Depths:4)
  15 necromancers
  3 wolf spider zombies
  11 orc knights
  11 salamanders
  10 fire giant zombies
  20 cyclopes
  3 shadow dragon skeletons
  13 harpies
  10 manticores
  10 mana vipers
  5 orc sorcerers
  4 frost giant zombies
  4 shining eyes
  A wolf spider (Vaults:4)
  A cyclops (shapeshifter) (Depths:1)
  57 ugly things
  74 deep elf magi
  14 fauns
  3 iron dragon zombies
  14 elephants
  A manticore (shapeshifter) (Elf:3)
  6 stone giant skeletons
  4 stone giant zombies
  An elephant (shapeshifter) (Vaults:4)
  5 iron dragon skeletons
  4 oklob plants (Lair:5)
  4 frost giant skeletons
  A worldbinder (WizLab)
  A salamander (shapeshifter) (Depths:2)
  13 rust devils
  An apocalypse crab (Abyss:3)
  4 shock serpent zombies
  11 vault sentinels
  28 smoke demons
  2 fire giant skeletons
  9 merfolk sirens
  A dire elephant zombie (Coc:7)
  7 guardian serpents
  17 eyes of devastation
  An eye of devastation (shapeshifter) (Elf:1)
  Psyche (D:9)
  A storm dragon simulacrum (Depths:1)
  9 molten gargoyles (Geh:7)
  4 gargoyles
  37 black mambas
  2 ice statues (Coc:7)
  32 naga magi
  5 water nymphs
  13 spiny frogs
  23 orange demons
  18 hellions
  A yaktaur (shapeshifter) (Elf:1)
  2 spiny frogs (shapeshifter)
  2 shock serpent skeletons
  A redback zombie (Crypt:1)
  32 freezing wraiths
  6 dire elephant skeletons
  6 rime drakes
  A rime drake (shapeshifter) (Vaults:5)
  2 emperor scorpion zombies
  A komodo dragon (shapeshifter) (Vaults:1)
  9 komodo dragons
  29 yaktaurs
  20 tormentors
  4 anaconda simulacra (IceCv)
  7 efreet
  A yaktaur skeleton (Depths:1)
  13 demonic crawlers (Pan)
  49 ice devils
  2 iron troll zombies
  3 tengu conjurers
  16 hellwings
  18 hydra zombies
  19 guardian mummies
  3 ancient zymes
  A jumping spider (shapeshifter) (Depths:4)
  A minotaur skeleton (Geh:7)
  A queen bee (Lair:1)
  39 red devils
  14 trolls
  2 silent spectres
  33 merfolk
  7 harpy zombies
  4 hornets
  A sea snake skeleton (Crypt:2)
  10 polar bears
  A wind drake (shapeshifter) (Elf:2)
  A wolf spider simulacrum (IceCv)
  6 wind drakes
  A hornet (shapeshifter) (Depths:4)
  A white draconian skeleton (Crypt:2)
  Prince Ribbit (D:9)
  3 harpy skeletons
  94 slime creatures
  7 raiju (Abyss:4)
  An alligator zombie (Coc:4)
  8 bog bodies (Coc:7)
  2 iron dragon simulacra
  8 hydra skeletons
  7 snapping turtles
  12 hippogriffs
  3 ice dragon zombies
  7 ettin zombies
  A fire giant simulacrum (Vaults:3)
  17 blink frogs
  A meliai zombie (D:12)
  A frost giant simulacrum (Depths:4)
  2 spriggan zombies
  5 ettin skeletons
  3 wyverns
  162 flying skulls
  Sigmund (D:6)
  2 dire elephant simulacra (IceCv)
  3 fire dragon zombies
  3 fire dragon skeletons
  24 shadows
  21 water elementals
  2 air elementals (Elf:3)
  3 black mamba zombies
  4 ice dragon skeletons
  A guardian serpent skeleton (Crypt:1)
  4 vampires
  26 ynoxinuls
  33 fire elementals
  An alligator skeleton (Hell)
  28 wraiths
  10 ushabtiu
  A fire bat (Lair:4)
  23 chaos spawn
  24 yaks
  3 black mamba skeletons
  14 golden eyes
  A golden eye (shapeshifter) (D:13)
  A death yak simulacrum (Lair:5)
  20 humans
  2 basilisks
  10 hungry ghosts
  2 vampire mosquitoes (D:12)
  29 neqoxecs
  Menkaure (D:7)
  A warg (shapeshifter) (Vaults:1)
  54 nagas
  5 spatial vortices
  4 wargs
  A harpy simulacrum (IceCv)
  4 iron troll simulacra (IceCv)
  61 hell hounds
  A merfolk zombie (Geh:5)
  2 soldier ants (shapeshifter)
  An acid dragon (Vaults:1)
  20 water moccasins
  4 hydra simulacra
  7 spiny frog zombies
  7 porcupines
  2 slaves (D:7)
  3 spiny frog skeletons
  11 black bears
  An ettin simulacrum (IceCv)
  10 ice beasts
  5 sky beasts
  3 snapping turtle zombies
  2 alligator simulacra (IceCv)
  42 ogres
  A black bear (shapeshifter) (Depths:3)
  24 necrophages
  37 orc warriors
  A blink frog zombie (Crypt:2)
  2 phantoms
  A black mamba simulacrum (Lair:5)
  3 fire dragon simulacra
  A tengu (shapeshifter) (Vaults:2)
  23 centaurs
  4 swamp dragon skeletons
  7 eyes of draining
  A blink frog skeleton (Crypt:2)
  4 wolves (Lair:3)
  5 snapping turtle skeletons
  11 boggarts
  A manticore skeleton (Geh:7)
  A big kobold (D:11)
  8 crocodiles
  An elf zombie (Tar:6)
  15 bullfrogs
  2 earth elementals
  A glowing shapeshifter simulacrum (Depths:1)
  A spiny frog simulacrum (Lair:5)
  A wyvern skeleton (D:14)
  A wyvern zombie (D:10)
  5 scorpions
  3 small abominations
  2 troll zombies
  34 killer bees
  47 wights
  2 howler monkeys
  3 electric eels
  A troll skeleton (Tar:4)
  18 crimson imps
  5 hounds
  3 quasits
  A basilisk zombie (Crypt:1)
  A black bear zombie (Crypt:1)
  A centaur zombie (D:5)
  5 jellies
  A starcursed mass (Abyss:3)
  A bullfrog zombie (D:5)
  A draconian simulacrum (IceCv)
  A hound (shapeshifter) (Depths:1)
  A human zombie (Geh:2)
  An iron imp (Abyss:3)
  19 orc wizards
  Crazy Yiuf (D:7)
  2 bullfrog skeletons
  4 centaur skeletons
  19 orc priests
  6 iguanas
  2 human skeletons
  6 troll simulacra (IceCv)
  2 spriggan simulacra (IceCv)
  10 worker ants
  3 lightning spires (Abyss:4)
  A naga zombie (Tar:3)
  A big kobold zombie (Crypt:1)
  2 tengu zombies
  3 centaur simulacra
  An ogre skeleton (Geh:6)
  2 hound skeletons
  36 mummies
  3 worker ant zombies
  11 adders
  16 gnolls
  A naga simulacrum (IceCv)
  9 shadow imps
  12 white imps
  2 ufetubi (IceCv)
  An ooze (D:5)
  An adder zombie (D:5)
  An adder skeleton (D:5)
  4 worms
  2 leopard geckos
  100 orcs
  4 giant cockroaches
  5 goblins
  7 hobgoblins
  6 jackals
  7 quokkas
  A ball python (D:4)
  7 bats
  6 frilled lizards
  A goblin skeleton (Crypt:2)
  15 kobolds
  A leopard gecko skeleton (D:4)
  A leopard gecko zombie (Crypt:2)
  A quokka skeleton (D:4)
  A quokka zombie (D:9)
  8 rats
  8 crawling corpses
  4 fire vortices (Geh:7)
  4 fungi
  A lurking horror (Abyss:3)
  7 plants
  13 tentacles
4271 creatures vanquished.

Vanquished Creatures (collateral kills)
  2 greater mummies (Tomb:2)
  2 shard shrikes (Coc:7)
  3 pandemonium lords (Pan)
  3 Tzitzimimeh
  A Brimstone Fiend (Geh:7)
  A tentacled monstrosity (Pan)
  An Ice Fiend (Coc:7)
  A titan (shapeshifter) (Vaults:5)
  A deep elf master archer (Elf:3)
  A deep elf blademaster (Elf:3)
  2 eldritch tentacles
  6 acid blobs (Slime:5)
  A tengu reaver (Vaults:4)
  A sphinx (Vaults:5)
  A frost giant (Vaults:5)
  3 deep elf sorcerers (Elf:3)
  2 deep elf elementalists
  2 vault wardens
  5 balrugs (Pan)
  6 cacodemons (Pan)
  2 ironheart preservers
  4 very ugly things (Pan)
  2 reapers (Coc:7)
  A blood saint (Pan)
  A lorocyproca (Pan)
  2 deep elf demonologists (Elf:3)
  A black sun (Pan)
  3 bennus (Tomb:3)
  A deep elf annihilator (Elf:3)
  A minotaur (Lab)
  2 deep elf death magi (Elf:3)
  3 green deaths (Pan)
  A blizzard demon (Coc:7)
  A quicksilver dragon zombie (Coc:7)
  2 mummy priests
  A deep elf high priest (Vaults:5)
  6 ice dragons
  2 vault guards (Vaults:4)
  A rakshasa (Pan)
  4 two-headed ogres
  3 ogre magi
  5 soul eaters (Pan)
  A small abomination (Elf:3)
  5 sun demons
  3 sixfirhies (Pan)
  2 skeletal warriors (Tar:7)
  2 torturous demonspawn (Pan)
  A shadow demon (Pan)
  A gelid demonspawn (Pan)
  An ironbrand convoker (Vaults:5)
  2 anaconda zombies
  An orc knight (Vaults:4)
  A shining eye (Slime:5)
  5 ugly things
  A cyclops (shapeshifter) (Vaults:4)
  A frost giant zombie (Coc:7)
  A cyclops (Tomb:2)
  A stone giant zombie (Coc:7)
  4 large abominations
  3 smoke demons (Pan)
  An orange demon (Pan)
  An eye of devastation (Depths:3)
  4 freezing wraiths (Coc:7)
  A dire elephant zombie (Coc:7)
  2 hellions (Geh:7)
  A demonic crawler (Pan)
  A yaktaur (Vaults:4)
  5 tormentors (Pan)
  An anaconda simulacrum (IceCv)
  5 red devils (Pan)
  A slime creature (Slime:5)
  A bog body (Coc:7)
  A hornet (D:7)
  A raiju (Abyss:4)
  A flying skull (Tomb:3)
  An ice dragon skeleton (Tomb:2)
  4 ushabtiu (Tomb:3)
  A wraith (D:7)
  4 ynoxinuls (Pan)
  4 neqoxecs (Pan)
  2 chaos spawn (Pan)
  A merfolk zombie (Coc:7)
  2 orc warriors (D:7)
  5 ogres
  A killer bee (D:7)
  3 starcursed masses (Abyss:3)
  A worker ant (D:7)
  A white imp (Coc:7)
  An ufetubus (Abyss:3)
  A crawling corpse (Elf:3)
189 creatures vanquished.

Vanquished Creatures (others)
  A sphinx (Vaults:5)
  An eldritch tentacle (Tar:7)
  4 stone giants
  An ironheart preserver (Vaults:1)
  A blood saint (Pan)
  A merfolk javelineer (Shoals:3)
  2 yaktaur captains (Vaults:5)
  A centaur warrior (D:15)
  An ice dragon (Coc:7)
  14 death scarabs (Tomb:2)
  3 hell hogs (Geh:7)
  2 naga sharpshooters (Snake:4)
  A tengu warrior (D:15)
  A small abomination (Elf:3)
  A soul eater (Pan)
  A wizard (Pan)
  A glowing orange brain (Pan)
  A skeletal warrior (Crypt:3)
  An anaconda skeleton (Geh:2)
  2 deep elf magi
  A cyclops (Vaults:1)
  7 yaktaurs
  A hellwing (Pan)
  A guardian mummy (Tomb:1)
  A red devil (Pan)
  2 flying skulls (Tomb:2)
  A water elemental (Coc:7)
  A gelid demonspawn skeleton (WizLab)
  A manticore zombie (Geh:2)
  3 ogres
  2 centaurs
  2 wights
  A crimson imp (Pan)
  3 mummies (Tomb:1)
  A white imp (IceCv)
  An ufetubus (IceCv)
  10 ball lightnings (Pan)
  An orc (Vaults:1)
  A jackal skeleton (D:7)
  73 bushes (Depths:5)
  3 fungi
  13 plants
  56 tentacles
  3 withered plants (Vaults:3)
230 creatures vanquished.

Grand Total: 4690 creatures vanquished

Notes
Turn   | Place    | Note
-------+----------+-------------------------------------------
     0 | D:1      | nujazz the Minotaur Berserker began the quest for the Orb.
     0 | D:1      | Reached XP level 1. HP: 19/19 MP: 0/0
    97 | D:1      | Reached XP level 2. HP: 26/27 MP: 1/1
   218 | D:1      | Reached ** piety under Trog
   410 | D:2      | Reached XP level 3. HP: 33/33 MP: 2/2
   732 | D:2      | Reached XP level 4. HP: 38/41 MP: 3/3
   811 | D:2      | Found a shattered altar of Ashenzari.
   987 | D:3      | Found a stormy altar of Qazlal.
  1029 | D:3      | Reached skill level 5 in Axes
  1039 | D:3      | Reached XP level 5. HP: 16/47 MP: 4/4
  1040 | D:3      | Reached skill level 5 in Fighting
  1164 | D:3      | Reached *** piety under Trog
  1629 | D:4      | Noticed an eye of draining
  1659 | D:4      | Found a bloodstained altar of Trog.
  1659 | D:4      | Noticed an eye of draining
  1669 | D:4      | Killed an eye of draining
  1669 | D:4      | Reached XP level 6. HP: 57/57 MP: 0/5
  1927 | D:4      | Reached XP level 7. HP: 60/64 MP: 2/6
  1967 | D:4      | Found an iron altar of Okawaru.
  2233 | D:5      | Entered Level 5 of the Dungeon
  2748 | D:5      | Gained mutation: You are somewhat resistant to further
                  | mutation. [potion of mutation]
  3094 | D:6      | Reached **** piety under Trog
  3111 | D:6      | Reached skill level 1 in Throwing
  3111 | D:6      | Reached XP level 8. HP: 72/73 MP: 2/7
  3123 | D:6      | Noticed Sigmund
  3129 | D:6      | Killed Sigmund
  3159 | D:6      | Found a radiant altar of Vehumet.
  3168 | D:6      | Reached skill level 5 in Dodging
  3462 | D:6      | Found a sacrificial altar of Ru.
  3575 | D:7      | Noticed Menkaure
  3584 | D:7      | Killed Menkaure
  3601 | D:7      | Reached XP level 9. HP: 66/83 MP: 2/8
  3645 | D:7      | Found a blossoming altar of Fedhas.
  3671 | D:7      | Noticed Pikel
  3684 | D:7      | Killed Pikel
  3802 | D:7      | Reached skill level 10 in Axes
  3856 | D:7      | Reached skill level 10 in Fighting
  3865 | D:7      | Reached ***** piety under Trog
  3998 | D:7      | Found a runed door.
  4087 | D:7      | Noticed a red ugly thing
  4093 | D:7      | Killed a red ugly thing
  4103 | D:7      | Killed an unseen horror
  4110 | D:7      | Reached XP level 10. HP: 85/94 MP: 3/9
  4112 | D:7      | Got an ancient wooden ring
  4118 | D:7      | Got a crude granite ring
  4127 | D:7      | Identified the ring "Iwky" {MR+++ Int+4} (You found it on
                  | level 7 of the Dungeon)
  4129 | D:7      | Identified the ring of Diecojoe {rF+ rC+ Slay+6} (You found
                  | it on level 7 of the Dungeon)
  4197 | D:7      | Found a staircase to the Ecumenical Temple.
  4337 | D:7      | Noticed Crazy Yiuf
  4342 | D:7      | Killed Crazy Yiuf
  4418 | D:8      | Found a basalt altar of Yredelemnul.
  4592 | D:8      | Received a gift from Trog
  4618 | D:8      | Found a shimmering altar of Xom.
  5111 | D:9      | Reached skill level 5 in Throwing
  5215 | D:9      | Noticed a two-headed ogre
  5215 | D:9      | Noticed a gargoyle
  5222 | D:9      | Killed a gargoyle
  5226 | D:9      | Killed a two-headed ogre
  5243 | D:9      | Noticed Prince Ribbit
  5245 | D:9      | Noticed a two-headed ogre
  5250 | D:9      | Killed Prince Ribbit
  5254 | D:9      | Killed a two-headed ogre
  5314 | D:9      | Found a shadowy altar of Dithmenos.
  5426 | D:8      | Lost mutation: You are somewhat resistant to further
                  | mutation. [potion of mutation]
  5426 | D:8      | Gained mutation: You have supernaturally acute eyesight.
                  | (SInv) [potion of mutation]
  5426 | D:8      | Gained mutation: Your spells are a little easier to cast,
                  | but a little less powerful. [potion of mutation]
  5426 | D:8      | Gained mutation: You have a pair of large horns on your
                  | head. [potion of mutation]
  5426 | D:8      | Gained mutation: You are partially covered in iridescent
                  | scales. (AC +2) [potion of mutation]
  5445 | D:9      | Got an ancient war axe
  5446 | D:9      | Identified the +5 war axe of Ash {protect, +Rage Int+3}
                  | (You found it on level 9 of the Dungeon)
  5604 | D:9      | Received a gift from Trog
  5691 | D:9      | Reached XP level 11. HP: 97/104 MP: 10/10
  5739 | D:9      | Noticed Psyche
  5745 | D:9      | Killed Psyche
  5869 | D:9      | Found Jugiegou's Magic Scroll Boutique.
  5877 | D:9      | Bought a scroll of teleportation for 42 gold pieces
  5877 | D:9      | Bought a scroll of enchant armour for 105 gold pieces
  5877 | D:9      | Bought a scroll of magic mapping for 49 gold pieces
  5877 | D:9      | Bought a scroll of enchant weapon for 105 gold pieces
  5877 | D:9      | Bought a scroll of enchant armour for 105 gold pieces
  5890 | D:9      | Found a staircase to the Orcish Mines.
  6077 | D:10     | Entered Level 10 of the Dungeon
  6128 | D:10     | Noticed Josephine
  6137 | D:10     | Killed Josephine
  6182 | D:10     | Found an ornate altar of the Wu Jian Council.
  6184 | D:10     | You fall through a shaft for 3 floors!
  6184 | D:13     | Found a portal to a secret trove of treasure.
  6359 | D:13     | Noticed a two-headed ogre
  6505 | D:12     | Noticed an orc sorcerer
  6507 | D:12     | Noticed a wizard
  6513 | D:12     | Killed an orc sorcerer
  6514 | D:12     | Killed a wizard
  6514 | D:12     | Noticed an orc sorcerer
  6520 | D:12     | Killed an orc sorcerer
  6624 | D:11     | Found a labyrinth entrance.
  6639 | Lab      | Entered a labyrinth
  7641 | Lab      | Noticed a minotaur
  7653 | Lab      | Killed a minotaur
  7665 | Lab      | Found the +7 Singing Sword {slice, sonic wave}
  8868 | D:12     | Noticed a red ugly thing
  8878 | D:12     | Killed a red ugly thing
  9030 | D:12     | Reached XP level 12. HP: 116/116 MP: 3/11
  9274 | D:13     | Killed a two-headed ogre
  9372 | D:13     | Reached skill level 5 in Armour
  9440 | D:13     | Reached XP level 13. HP: 123/123 MP: 4/12
  9485 | D:13     | Found a gate to the Vaults.
  9583 | D:13     | Received a gift from Trog
  9594 | D:13     | Identified the cursed +1 falchion of Corruption {slice,
                  | +Inv rElec MP+9}
 10135 | D:10     | Found a staircase to the Lair.
 10142 | Lair:1   | Entered Level 1 of the Lair of Beasts
 10152 | Lair:1   | Reached skill level 10 in Dodging
 11162 | Lair:2   | Found a transporter.
 11162 | Lair:2   | Noticed Irchumiyd's ghost (journeyman DEAE)
 11198 | Lair:2   | Received a gift from Trog
 11425 | Lair:2   | Noticed Fannar
 11443 | Lair:2   | Killed Fannar
 11443 | Lair:2   | Reached XP level 14. HP: 133/133 MP: 13/13
 11482 | Lair:2   | Found a transporter.
 11893 | Lair:3   | Reached skill level 1 in Shields
 12588 | Lair:4   | Found a transporter.
 12619 | Lair:4   | Found a transporter.
 12660 | Lair:4   | Reached skill level 15 in Fighting
 12961 | Lair:4   | Received a gift from Trog
 13287 | Lair:4   | Received a gift from Trog
 13309 | Lair:4   | Found a staircase to the Snake Pit.
 13516 | Lair:4   | Found a staircase to the Shoals.
 14042 | Lair:5   | Reached skill level 10 in Throwing
 14096 | Lair:5   | Reached ****** piety under Trog
 14178 | Lair:5   | Received a gift from Trog
 14363 | Lair:5   | Found a runed gate.
 14363 | Lair:5   | Found a runed gate.
 14363 | Lair:5   | Found a runed gate.
 14496 | Lair:5   | Found a staircase to the Slime Pits.
 14569 | Lair:5   | Noticed Xoiguqo's ghost (journeyman OgTm)
 14778 | Lair:6   | Entered Level 6 of the Lair of Beasts
 14954 | Lair:6   | Found a burning altar of Makhleb.
 14997 | Lair:6   | Reached XP level 15. HP: 104/145 MP: 14/14
 15017 | Lair:6   | Found a gateway to Hell.
 15527 | Lair:6   | Got a bound jade ring
 16084 | Orc:1    | Entered Level 1 of the Orcish Mines
 16091 | Orc:1    | Noticed Nergalle
 16101 | Orc:1    | Killed Nergalle
 16327 | Orc:2    | Entered Level 2 of the Orcish Mines
 16392 | Orc:2    | Found a roughly hewn altar of Beogh.
 16406 | Orc:2    | Found Udet's General Store.
 16450 | Orc:2    | Noticed Azrael
 16466 | Orc:2    | Killed Azrael
 16657 | Orc:2    | Found a roughly hewn altar of Beogh.
 16659 | Orc:2    | Received a gift from Trog
 16791 | Orc:2    | Found a roughly hewn altar of Beogh.
 16792 | Orc:2    | Found Udiolid's General Store.
 16795 | Orc:2    | Received a gift from Trog
 16817 | Orc:2    | Bought a +0 pair of gloves for 54 gold pieces
 16871 | Orc:2    | Noticed an orc warlord
 16920 | Orc:2    | Killed an orc warlord
 17062 | Orc:2    | Found a roughly hewn altar of Beogh.
 17116 | Orc:2    | Paralysed by an orc sorcerer for 6 turns
 17150 | Orc:2    | Found Cigolex's Antique Armour Boutique.
 17152 | Orc:2    | Found Ufeto's Antique Weapon Shop.
 17163 | Orc:2    | Found a roughly hewn altar of Beogh.
 17183 | Orc:2    | Bought an encrusted plate armour for 616 gold pieces
 17193 | Orc:2    | Identified the +3 plate armour of Beyond {rC+ Int+2} (You
                  | bought it in a shop on level 2 of the Orcish Mines)
 17216 | Orc:2    | Found a roughly hewn altar of Beogh.
 17317 | Orc:2    | Found a staircase to the Elven Halls.
 17450 | Orc:2    | Received a gift from Trog
 17547 | Elf:1    | Entered Level 1 of the Elven Halls
 17660 | Elf:1    | Cast into level 2 of the Abyss (a deep elf demonologist)
 17664 | Abyss:2  | Identified the ring of Creativity {MR+ Str+4 Int+4} (You
                  | found it on level 6 of the Lair of Beasts)
 17690 | Abyss:3  | Found a corrupted altar of Lugonu.
 17704 | Abyss:3  | Noticed a tentacled monstrosity
 17769 | Elf:1    | Escaped the Abyss
 17835 | Elf:1    | Noticed Roxanne
 18509 | Elf:1    | Reached XP level 16. HP: 102/159 MP: 15/15
 18592 | Elf:2    | Found Ilunle's Food Boutique.
 18623 | Elf:2    | Reached skill level 15 in Throwing
 18650 | Elf:2    | Found Ymif's Gadget Boutique.
 18662 | Elf:2    | Received a gift from Trog
 18750 | Elf:2    | Found Ahudum's Book Boutique.
 18765 | Elf:2    | Received a gift from Trog
 18826 | Elf:2    | Found Berimew's Antique Weapon Shoppe.
 18832 | Elf:2    | Found Tuiren's Distillery.
 18890 | Elf:2    | Received a gift from Trog
 18910 | Elf:2    | Bought a potion of heal wounds for 65 gold pieces
 18911 | Elf:2    | Noticed Nikola
 18926 | Elf:2    | Killed Nikola
 19006 | Elf:2    | Received a gift from Trog
 19074 | Elf:2    | Found a magical portal.
 19114 | WizLab   | Entered The Roulette of Golubria
 19114 | WizLab   | Found a transporter.
 19121 | WizLab   | Found a corrupted altar of Lugonu.
 19167 | WizLab   | Found a transporter.
 19243 | WizLab   | Found a corrupted altar of Lugonu.
 19294 | WizLab   | Found a transporter.
 19305 | WizLab   | Noticed a tentacled starspawn
 19374 | WizLab   | Found a transporter.
 19419 | WizLab   | Found a transporter.
 19439 | WizLab   | Found a transporter.
 19440 | WizLab   | Found a transporter.
 19559 | WizLab   | Found a transporter.
 19632 | WizLab   | Found a transporter.
 19637 | WizLab   | Found a transporter.
 19721 | WizLab   | Got an ichor-stained cloak
 19732 | WizLab   | Identified the +2 cloak of the Beginning {rElec MR+} (You
                  | found it in a wizard's laboratory)
 19772 | WizLab   | Identified Wivaalir's Tome of the Compass
 20195 | Elf:2    | Found a huge runed gate.
 20195 | Elf:2    | Found a huge runed gate.
 20195 | Elf:2    | Found a huge runed gate.
 20195 | Elf:2    | Found a huge runed gate.
 20195 | Elf:2    | Found a huge runed gate.
 20299 | Elf:2    | Received a gift from Trog
 20421 | Elf:2    | Received a gift from Trog
 20590 | Elf:2    | Received a gift from Trog
 20873 | Elf:3    | Entered Level 3 of the Elven Halls
 20961 | Elf:3    | Reached XP level 17. HP: 170/170 MP: 16/16
 21233 | Elf:3    | Noticed a deep elf blademaster
 21238 | Elf:3    | Received a gift from Trog
 21238 | Elf:3    | Noticed a deep elf master archer
 21239 | Elf:3    | Noticed a deep elf master archer
 21240 | Elf:3    | Killed a deep elf master archer
 21242 | Elf:3    | Noticed a deep elf blademaster
 21244 | Elf:3    | Killed a deep elf blademaster
 21248 | Elf:3    | Killed a deep elf blademaster
 21250 | Elf:3    | Killed a deep elf master archer
 21257 | Elf:3    | Received a gift from Trog
 21713 | Elf:3    | Got a transparent chain mail
 21715 | Elf:3    | Got an obsidian-encrusted chain mail
 21726 | Elf:3    | Identified the cursed +0 chain mail of the Planets {Int+4}
                  | (You found it on level 3 of the Elven Halls)
 21737 | Elf:3    | Identified the +2 chain mail of the Special Mice {rPois
                  | rF++ Str-2 SInv} (You found it on level 3 of the Elven
                  | Halls)
 21763 | Elf:3    | Found the +7 longbow "Piercer" {penet, EV-2}
 21772 | Elf:3    | Noticed a Brimstone Fiend
 21773 | Elf:3    | Got a bronze ring mail
 21830 | Elf:3    | Identified the +4 ring mail "Ymoley" {MR- Str+2 Int+3
                  | Slay+5} (You found it on level 3 of the Elven Halls)
 22309 | Elf:3    | Noticed an Ice Fiend
 22847 | Shoals:1 | Entered Level 1 of the Shoals
 22942 | Shoals:1 | Found Neil's Weapon Boutique.
 23326 | Shoals:1 | Noticed a kraken
 23364 | Shoals:1 | Killed a kraken
 23712 | Shoals:2 | Noticed Ilsuiw
 23718 | Shoals:2 | Killed Ilsuiw
 23718 | Shoals:2 | Received a gift from Trog
 23789 | Shoals:2 | Found a frozen archway.
 23802 | IceCv    | Entered an ice cave
 23980 | IceCv    | Received a gift from Trog
 24174 | IceCv    | Noticed an Ice Fiend
 24435 | IceCv    | Killed an Ice Fiend
 24904 | Shoals:2 | Reached XP level 18. HP: 171/183 MP: 17/17
 24964 | Shoals:2 | Reached skill level 10 in Armour
 24972 | Shoals:2 | Received a gift from Trog
 25269 | Shoals:2 | Received a gift from Trog
 25799 | Shoals:3 | Got a fine graven amulet
 25801 | Shoals:3 | Identified the amulet "Qamnam" {Reflect rElec rPois Str-2
                  | SH+2 SInv} (You found it on level 3 of the Shoals)
 26929 | Shoals:3 | Found a runed gate.
 26929 | Shoals:3 | Found a runed gate.
 26929 | Shoals:3 | Found a runed gate.
 26930 | Shoals:3 | Noticed nht's ghost (adept MiHu)
 27006 | Shoals:3 | Killed nht's ghost
 27773 | Shoals:4 | Entered Level 4 of the Shoals
 27791 | Shoals:4 | Received a gift from Trog
 28020 | Shoals:4 | Reached skill level 5 in Shields
 28080 | Shoals:4 | Received a gift from Trog
 28474 | Shoals:4 | Received a gift from Trog
 28831 | Shoals:4 | Got a brightly glowing cloak
 28842 | Shoals:4 | Identified the cursed +0 cloak "Uptudd" {rElec rC- Int+3}
                  | (You found it on level 4 of the Shoals)
 29318 | Shoals:4 | Got a barnacled rune of Zot
 29454 | Lair:4   | Upgraded the game from 0.23-a0-416-g33f1def to
                  | 0.23-a0-417-gf02c810
 29505 | Snake:1  | Entered Level 1 of the Snake Pit
 29650 | Snake:1  | Reached XP level 19. HP: 172/191 MP: 18/18
 29878 | Snake:1  | Found a basalt altar of Yredelemnul.
 30211 | Snake:2  | Reached skill level 10 in Shields
 30578 | Snake:2  | Found a shimmering altar of Xom.
 30592 | Snake:2  | Received a gift from Trog
 30666 | Snake:2  | Found Wiplerad's General Store.
 30828 | Snake:2  | Bought a potion of curing for 48 gold pieces
 30966 | Snake:2  | Received a gift from Trog
 31290 | Snake:2  | Received a gift from Trog
 31823 | Snake:3  | Found Ulyudu's Jewellery Shoppe.
 31823 | Snake:3  | Found Mel Load's Gadget Shop.
 31824 | Snake:3  | Found Paustrac's Gadget Shop.
 32592 | Snake:4  | Entered Level 4 of the Snake Pit
 32908 | Snake:4  | Received a gift from Trog
 32985 | Snake:4  | Reached skill level 15 in Dodging
 33060 | Snake:4  | Received a gift from Trog
 33110 | Snake:4  | Reached XP level 20. HP: 132/200 MP: 19/19
 33320 | Snake:4  | Received a gift from Trog
 33330 | Snake:4  | Reached skill level 15 in Shields
 33448 | Snake:4  | Got a serpentine rune of Zot
 34520 | Slime:1  | Entered Level 1 of the Pits of Slime
 34999 | Slime:2  | Gained mutation: Your magical capacity is low. (-10% MP) [a
                  | shining eye]
 35004 | Slime:2  | Gained mutation: Your body sometimes deteriorates upon
                  | taking damage. [a shining eye]
 35008 | Slime:2  | Gained mutation: You occasionally shout uncontrollably at
                  | your foes. [a shining eye]
 35041 | Slime:2  | Received a gift from Trog
 35301 | Slime:5  | Entered Level 5 of the Pits of Slime
 35335 | Slime:4  | Received a gift from Trog
 35544 | Slime:5  | Gained mutation: You tend to lose your temper in combat. [a
                  | shining eye]
 35558 | Slime:4  | Got a warped war axe {god gift}
 35559 | Slime:4  | Identified the +4 war axe "Jyelux" {drain, rElec rPois
                  | Dex-5 SInv} (Trog gifted it to you on level 4 of the Pits
                  | of Slime)
 35690 | Slime:5  | Noticed the Royal Jelly
 35703 | Slime:5  | Killed the Royal Jelly
 36764 | Slime:5  | Got a translucent bone amulet
 36766 | Slime:5  | Identified the amulet "Okhlud" {+Rage rElec Str+4} (You
                  | found it on level 5 of the Pits of Slime)
 36791 | Slime:5  | Got a sparkling jade ring
 36794 | Slime:5  | Lost intelligence.
 36794 | Slime:5  | Identified the ring "Udeamay" {Fire +Inv rPois Int-3
                  | Stlth+} (You found it on level 5 of the Pits of Slime)
 36838 | Slime:5  | Got a slimy rune of Zot
 37307 | Slime:5  | Lost mutation: You tend to lose your temper in combat.
                  | [potion of mutation]
 37307 | Slime:5  | Lost mutation: Your magical capacity is low. (-10% MP)
                  | [potion of mutation]
 37307 | Slime:5  | Lost mutation: Your body sometimes deteriorates upon taking
                  | damage. [potion of mutation]
 37307 | Slime:5  | Gained mutation: You expend magic power (3 MP) to
                  | strengthen your wands. [potion of mutation]
 37307 | Slime:5  | Gained mutation: You have sharp toenails. [potion of
                  | mutation]
 37307 | Slime:5  | Gained mutation: Your flesh is heat resistant. (rF+)
                  | [potion of mutation]
 37913 | Vaults:1 | Entered Level 1 of the Vaults
 38150 | Vaults:1 | Received a gift from Trog
 38154 | Vaults:1 | Reached XP level 21. HP: 194/211 MP: 20/20
 38195 | Vaults:1 | Found a gateway to a bazaar.
 38204 | Bazaar   | Entered a bazaar
 38204 | Bazaar   | Found Garef's Food Boutique.
 38204 | Bazaar   | Found Ofuleluxea's Book Boutique.
 38226 | Bazaar   | Found Ilagg's Weapon Shop.
 38275 | Bazaar   | Found Niupi's Book Boutique.
 38595 | Vaults:1 | Received a gift from Trog
 39741 | Vaults:2 | Noticed Jory
 39760 | Vaults:2 | Killed Jory
 39847 | Vaults:2 | Received a gift from Trog
 39988 | Vaults:2 | Received a gift from Trog
 40070 | Vaults:2 | Received a gift from Trog
 40216 | Vaults:2 | Found a staircase to the Crypt.
 40841 | Vaults:3 | Found Fuaff's Armour Shoppe.
 40875 | Vaults:3 | Received a gift from Trog
 40883 | Vaults:3 | Bought a scarf of repulsion for 144 gold pieces
 41101 | Vaults:3 | Found Ekumiw's Gadget Shoppe.
 41113 | Vaults:3 | Found Sotzasi's Book Shoppe.
 41145 | Vaults:3 | Reached XP level 22. HP: 219/222 MP: 21/21
 41708 | Vaults:3 | Found a runed gate.
 41708 | Vaults:3 | Noticed Qenoimudgh's ghost (adept FeMo)
 41708 | Vaults:3 | Noticed Vapoch's ghost (adept MiFi)
 41709 | Vaults:3 | Found a runed gate.
 41710 | Vaults:3 | Found a runed gate.
 41710 | Vaults:3 | Noticed Norchuf's ghost (adept MiFi)
 42945 | Vaults:4 | Noticed Boris
 42966 | Vaults:4 | Killed Boris
 42966 | Vaults:4 | Received a gift from Trog
 43257 | Vaults:4 | Noticed Sojobo
 43271 | Vaults:4 | Killed Sojobo
 43572 | Vaults:4 | Received a gift from Trog
 43637 | Vaults:4 | Identified Sif Muna's Tome of Supportive Flames
 43905 | Vaults:4 | Noticed Margery
 43920 | Vaults:4 | Killed Margery
 44133 | Vaults:5 | Entered Level 5 of the Vaults
 44136 | Vaults:5 | Received a gift from Trog
 44146 | Vaults:5 | Reached XP level 23. HP: 109/232 MP: 22/22
 44588 | Vaults:5 | Reached skill level 15 in Armour
 44594 | Vaults:5 | Received a gift from Trog
 45169 | Vaults:5 | Noticed a juggernaut
 45177 | Vaults:5 | a juggernaut changed into a titan
 45180 | Vaults:5 | Received a gift from Trog
 45526 | Vaults:5 | Received a gift from Trog
 45938 | Vaults:5 | Got a silver rune of Zot
 46260 | Vaults:5 | Found the +0 Maxwell's etheric cage {RegenMP+ *Contam rElec
                  | MP+4}
 46278 | Vaults:5 | Identified the Papyrus of Combat Magic
 46921 | D:14     | Found the +6 shillelagh "Devastator" {shatter}
 47518 | D:15     | Entered Level 15 of the Dungeon
 47525 | D:15     | Received a gift from Trog
 47673 | D:15     | Reached XP level 24. HP: 245/245 MP: 17/22
 48034 | D:15     | Found a staircase to the Depths.
 48188 | Depths:1 | Entered Level 1 of the Depths
 48478 | Depths:1 | Received a gift from Trog
 48526 | Depths:1 | Found a runed gate.
 48526 | Depths:1 | Found a runed gate.
 48526 | Depths:1 | Found a runed gate.
 48526 | Depths:1 | Noticed Mgcat's ghost (veteran HOAK)
 48775 | Depths:1 | Killed Mgcat's ghost
 49111 | Depths:2 | Received a gift from Trog
 49132 | Depths:2 | Got an iridescent broad axe {god gift}
 49133 | Depths:2 | Identified the +10 broad axe "Xipn" {chop, +Blink Dex+6}
                  | (Trog gifted it to you on level 2 of the Depths)
 49627 | Depths:2 | Found Oliyrch's Blood Bar.
 49627 | Depths:2 | Noticed Asterion
 49633 | Depths:2 | Killed Asterion
 49845 | Depths:2 | Noticed a juggernaut
 49847 | Depths:2 | Found the +9 staff of Wucad Mu {channel}
 49847 | Depths:2 | Found the +8 longbow "Zephyr" {speed, Dex+3 SInv}
 49856 | Depths:2 | Killed a juggernaut
 50399 | Depths:3 | Found a gateway to a ziggurat.
 50414 | Depths:3 | Found a sparkling altar of Nemelex Xobeh.
 50448 | Depths:3 | Reached skill level 27 in Fighting
 50512 | Depths:3 | Received a gift from Trog
 50512 | Depths:3 | Reached XP level 25. HP: 245/257 MP: 22/22
 50560 | Depths:3 | Found a one-way gate leading to the halls of Pandemonium.
 50818 | Depths:3 | Found a one-way gate to the infinite horrors of the Abyss.
 51384 | Depths:4 | Received a gift from Trog
 51459 | Depths:4 | Identified 2 scrolls of acquirement
 51479 | Depths:4 | Identified a +1 pair of boots of running (You acquired it
                  | on level 4 of the Depths)
 52193 | Depths:4 | Found a shattered altar of Ashenzari.
 52613 | Depths:5 | Entered Level 5 of the Depths
 52663 | Depths:5 | Found a gate to the Realm of Zot.
 52785 | Depths:5 | Received a gift from Trog
 52795 | Depths:5 | Found a flickering gateway to a bazaar.
 52801 | Bazaar   | Entered a bazaar
 52801 | Bazaar   | Found Moruc's Distillery.
 52801 | Bazaar   | Found Poxodoor's Magic Scroll Shoppe.
 52801 | Bazaar   | Found Pomeucid's Antique Armour Emporium.
 52805 | Bazaar   | Found Miuxar's Armour Shoppe.
 52816 | Bazaar   | Bought a scroll of teleportation for 33 gold pieces
 52816 | Bazaar   | Bought a scroll of enchant weapon for 82 gold pieces
 52816 | Bazaar   | Bought a scroll of teleportation for 33 gold pieces
 52816 | Bazaar   | Bought a scroll of teleportation for 33 gold pieces
 52816 | Bazaar   | Bought a scroll of teleportation for 33 gold pieces
 52816 | Bazaar   | Bought a scroll of blinking for 82 gold pieces
 52819 | Bazaar   | Bought a potion of agility for 60 gold pieces
 52819 | Bazaar   | Bought a potion of agility for 60 gold pieces
 52819 | Bazaar   | Bought a potion of haste for 150 gold pieces
 52819 | Bazaar   | Bought a potion of agility for 60 gold pieces
 52819 | Bazaar   | Bought a potion of haste for 150 gold pieces
 52819 | Bazaar   | Bought a potion of cancellation for 120 gold pieces
 52819 | Bazaar   | Bought a potion of agility for 60 gold pieces
 52819 | Bazaar   | Bought a potion of flight for 45 gold pieces
 52819 | Bazaar   | Bought a potion of resistance for 150 gold pieces
 53400 | Depths:5 | Voluntarily entered the Abyss.
 53400 | Abyss:1  | Found a corrupted altar of Lugonu.
 53658 | Abyss:3  | Paralysed by accursed screaming for 1 turns
 53687 | Abyss:3  | Received a gift from Trog
 54136 | Abyss:4  | Reached XP level 26. HP: 212/266 MP: 17/17
 54148 | Abyss:4  | Got an abyssal rune of Zot
 54217 | Abyss:4  | Lost mutation: Your spells are a little easier to cast, but
                  | a little less powerful. [potion of mutation]
 54217 | Abyss:4  | Lost mutation: You sometimes yell uncontrollably at your
                  | foes. [potion of mutation]
 54217 | Abyss:4  | Lost mutation: You have a pair of large horns on your head.
                  | [potion of mutation]
 54217 | Abyss:4  | Lost mutation: You have supernaturally acute eyesight.
                  | (SInv) [potion of mutation]
 54217 | Abyss:4  | Gained mutation: You have a pair of large horns on your
                  | head. [potion of mutation]
 54218 | Abyss:4  | Lost mutation: Your flesh is heat resistant. (rF+) [potion
                  | of mutation]
 54218 | Abyss:4  | Lost mutation: You have sharp toenails. [potion of
                  | mutation]
 54218 | Abyss:4  | Lost mutation: You expend magic power (3 MP) to strengthen
                  | your wands. [potion of mutation]
 54218 | Abyss:4  | Lost mutation: You have a pair of large horns on your head.
                  | [potion of mutation]
 54218 | Abyss:4  | Lost mutation: You are partially covered in iridescent
                  | scales. (AC +2) [potion of mutation]
 54218 | Abyss:4  | Gained mutation: You are robust. (+10% HP) [potion of
                  | mutation]
 54240 | Abyss:4  | Lost mutation: You are robust. (+10% HP) [potion of
                  | mutation]
 54240 | Abyss:4  | Gained mutation: Your mind is acute. (Int +2) [potion of
                  | mutation]
 54240 | Abyss:4  | Gained mutation: You are extremely frail. (-30% HP) [potion
                  | of mutation]
 54240 | Abyss:4  | Gained mutation: You are robust. (+10% HP) [potion of
                  | mutation]
 54241 | Abyss:4  | Lost mutation: You are extremely frail. (-30% HP) [potion
                  | of mutation]
 54241 | Abyss:4  | Lost mutation: Your mind is acute. (Int +2) [potion of
                  | mutation]
 54241 | Abyss:4  | Gained mutation: Armour fits poorly on your strangely
                  | shaped body. [potion of mutation]
 54241 | Abyss:4  | Gained mutation: Your system is resistant to poisons.
                  | (rPois) [potion of mutation]
 54272 | Abyss:5  | Entered Level 5 of the Abyss
 54283 | Depths:5 | Escaped the Abyss
 54742 | Elf:2    | Bought a potion of mutation for 104 gold pieces
 54742 | Elf:2    | Bought a potion of mutation for 104 gold pieces
 54742 | Elf:2    | Lost mutation: You are robust. (+10% HP) [potion of
                  | mutation]
 54742 | Elf:2    | Lost mutation: Armour fits poorly on your strangely shaped
                  | body. [potion of mutation]
 54742 | Elf:2    | Gained mutation: You are covered in fur. (AC +1) [potion of
                  | mutation]
 54743 | Elf:2    | Lost mutation: Your system is resistant to poisons. (rPois)
                  | [potion of mutation]
 54743 | Elf:2    | Gained mutation: Your muscles are strong. (Str +2) [potion
                  | of mutation]
 55465 | Temple   | Entered the Ecumenical Temple
 55476 | Temple   | Fell from the grace of Trog
 55476 | Temple   | Became a worshipper of the Shining One
 55882 | Crypt:1  | Entered Level 1 of the Crypt
 56052 | Crypt:1  | Reached * piety under the Shining One
 56441 | Crypt:1  | Reached ** piety under the Shining One
 56698 | Crypt:2  | Reached *** piety under the Shining One
 56798 | Crypt:2  | Reached **** piety under the Shining One
 56820 | Crypt:2  | Found a basalt altar of Yredelemnul.
 56973 | Crypt:2  | Paralysed by Trog for 5 turns
 57237 | Crypt:3  | Entered Level 3 of the Crypt
 57237 | Crypt:3  | Reached ***** piety under the Shining One
 57321 | Crypt:3  | Paralysed by Trog for 2 turns
 57409 | Crypt:3  | Noticed Khufu
 57417 | Crypt:3  | Noticed a greater mummy
 57421 | Crypt:3  | Noticed a greater mummy
 57431 | Crypt:3  | Killed Khufu
 57447 | Crypt:3  | Killed a greater mummy
 57467 | Crypt:3  | Killed a greater mummy
 57486 | Crypt:3  | Reached ****** piety under the Shining One
 57637 | Crypt:3  | Found the +7 sceptre of Torment {pain, torment}
 57828 | Crypt:3  | Found an ancient bone altar of Kikubaaqudgha.
 58046 | Crypt:3  | Reached skill level 1 in Invocations
 58066 | Crypt:3  | Noticed an ancient lich
 58080 | Crypt:3  | Killed an ancient lich
 58097 | Crypt:3  | Found a staircase to the Tomb.
 58639 | Tomb:1   | Entered Level 1 of the Tomb of the Ancients
 59446 | Tomb:1   | Noticed Mara
 59451 | Tomb:1   | Noticed nujazz's illusion
 59463 | Tomb:1   | Killed Mara
 59687 | Tomb:1   | Reached skill level 5 in Invocations
 59691 | Tomb:1   | Noticed a greater mummy
 59707 | Tomb:1   | Reached XP level 27. HP: 143/267 MP: 25/25
 59708 | Tomb:1   | Noticed a greater mummy
 59948 | Tomb:1   | Noticed a greater mummy
 59955 | Tomb:1   | Killed a greater mummy
 59985 | Tomb:1   | Noticed a greater mummy
 59985 | Tomb:1   | Noticed a greater mummy
 60002 | Tomb:1   | Killed a greater mummy
 60007 | Tomb:1   | Killed a greater mummy
 60013 | Tomb:1   | Noticed a greater mummy
 60025 | Tomb:1   | Killed a greater mummy
 60297 | Tomb:1   | Noticed a greater mummy
 60318 | Tomb:1   | Killed a greater mummy
 60495 | Tomb:1   | Noticed a greater mummy
 60535 | Tomb:1   | Killed a greater mummy
 60936 | Tomb:1   | Noticed a greater mummy
 60944 | Tomb:1   | Killed a greater mummy
 61000 | Tomb:1   | Killed a greater mummy
 61403 | Tomb:1   | Noticed a greater mummy
 61418 | Tomb:1   | Killed a greater mummy
 61561 | Tomb:2   | Noticed a greater mummy
 61561 | Tomb:2   | Noticed a greater mummy
 61562 | Tomb:2   | Noticed a greater mummy
 61563 | Tomb:2   | Noticed a greater mummy
 61566 | Tomb:2   | Killed a greater mummy
 61574 | Tomb:2   | Killed a greater mummy
 61574 | Tomb:2   | Killed a greater mummy
 61576 | Tomb:2   | Killed a greater mummy
 62019 | Tomb:2   | Paralysed by Trog for 2 turns
 62580 | Hell     | Entered the Vestibule of Hell
 62580 | Hell     | Noticed Geryon
 62761 | Hell     | Reached skill level 10 in Invocations
 62837 | Hell     | Killed Geryon
 62915 | Hell     | Found a gateway to the decaying netherworld of Tartarus.
 63043 | Hell     | Found a gateway to the freezing wastes of Cocytus.
 63065 | Hell     | Identified a +9 broad axe of holy wrath (a +9 broad axe of
                  | venom blessed by the Shining One)
 63065 | Hell     | Received a gift from the Shining One
 63099 | Coc:1    | Entered Level 1 of Cocytus
 64063 | Coc:7    | Entered Level 7 of Cocytus
 64116 | Coc:7    | Noticed Antaeus
 64879 | Coc:7    | Reached skill level 15 in Invocations
 65019 | Coc:7    | Got an icy rune of Zot
 65023 | Coc:7    | Got a smelly ring mail
 65440 | Hell     | Found a gateway to the Iron City of Dis.
 65499 | Hell     | Found a gateway to the ashen valley of Gehenna.
 65817 | Lair:5   | Killed Xoiguqo's ghost
 65843 | Lair:5   | Got the ring of Icyul {Fire}
 65858 | Lair:5   | Got a fine granite ring
 65859 | Lair:5   | Identified the ring of Icyul {Fire rElec rN+++ Str-2} (You
                  | found it on level 5 of the Lair of Beasts)
 65861 | Lair:5   | Identified the ring "Otow" {*Tele rF++ rN+ Str+2 Dex-5}
                  | (You found it on level 5 of the Lair of Beasts)
 65993 | Geh:1    | Entered Level 1 of Gehenna
 67208 | Geh:5    | Lost mutation: Your muscles are strong. (Str +2) [mutagenic
                  | glow]
 67239 | Geh:5    | Gained mutation: Your magical capacity is low. (-10% MP)
                  | [mutagenic glow]
 67293 | Geh:5    | Gained mutation: You are resistant to hostile enchantments.
                  | (MR+) [mutagenic glow]
 67739 | Geh:6    | Gained mutation: You are weak. (Str -2) [mutagenic glow]
 68092 | Geh:7    | Entered Level 7 of Gehenna
 68492 | Geh:7    | Noticed the Serpent of Hell
 69161 | Geh:7    | Identified the Almanac of Frigorific Shape Shifting
 69438 | Geh:7    | Was forgiven by Trog
 70082 | Geh:7    | Killed the Serpent of Hell
 70451 | Geh:7    | Identified the +7 sceptre of Asmodeus
 70451 | Geh:7    | Noticed Asmodeus
 70503 | Geh:7    | Killed Asmodeus
 71161 | Geh:7    | Got an obsidian rune of Zot
 71298 | Tar:1    | Entered Level 1 of Tartarus
 72872 | Tar:7    | Entered Level 7 of Tartarus
 73847 | Tar:7    | Gained mutation: Scrolls take you a little longer to read.
                  | [mutagenic glow]
 73868 | Tar:7    | Noticed Ereshkigal
 73896 | Tar:7    | Noticed an ancient lich
 73896 | Tar:7    | Identified the ring of Fotys {rF+ MR+}
 73906 | Tar:7    | Got a bone rune of Zot
 74001 | Hell     | Gained mutation: You are very weak. (Str -4) [mutagenic
                  | glow]
 74588 | Pan      | Entered Pandemonium
 74942 | Pan      | Noticed Naziefora the pandemonium lord
 75051 | Pan      | Gained mutation: You are clumsy. (Dex -2) [a neqoxec]
 75205 | Pan      | Noticed Nibij the pandemonium lord
 75226 | Pan      | Killed Nibij the pandemonium lord
 75609 | Pan      | Found an exit through the horrors of the Abyss.
 75824 | Pan      | Noticed Icvuth the pandemonium lord
 75833 | Pan      | Killed Icvuth the pandemonium lord
 76216 | Pan      | Got a demonic rune of Zot
 76235 | Pan      | Gained mutation: Your spells are a little easier to cast,
                  | but a little less powerful. [a cacodemon]
 76294 | Pan      | Noticed Ufakafi the pandemonium lord
 76302 | Pan      | Gained mutation: You are dopey. (Int -2) [a neqoxec]
 76319 | Pan      | Killed Ufakafi the pandemonium lord
 76641 | Pan      | Identified the cursed +1 ring mail "Secesh" {Dex+2} (You
                  | found it on level 7 of Cocytus)
 76941 | Pan      | Entered the realm of Gloorx Vloq.
 77240 | Pan      | Noticed Gloorx Vloq
 77255 | Pan      | Killed Gloorx Vloq
 77580 | Pan      | Got a dark rune of Zot
 78115 | Pan      | Gained mutation: Scrolls take you longer to read. [a
                  | neqoxec]
 78116 | Pan      | Gained mutation: You tend to lose your temper in combat. [a
                  | neqoxec]
 78204 | Pan      | Gained mutation: You are very dopey. (Int -4) [a neqoxec]
 78234 | Pan      | Noticed Nisixun the pandemonium lord
 78244 | Pan      | Killed Nisixun the pandemonium lord
 78272 | Pan      | Gained mutation: You often lose your temper in combat. [a
                  | neqoxec]
 78724 | Pan      | Gained mutation: Your body sometimes deteriorates upon
                  | taking damage. [a neqoxec]
 78840 | Pan      | Noticed Hoevvi Rita the pandemonium lord
 78858 | Pan      | Killed Hoevvi Rita the pandemonium lord
 78978 | Pan      | Gained mutation: Your body often deteriorates upon taking
                  | damage. [a neqoxec]
 79009 | Pan      | Gained mutation: Scrolls take you much longer to read. [a
                  | cacodemon]
 79278 | Pan      | Found an exit through the horrors of the Abyss.
 79825 | Pan      | Noticed Ceceu the pandemonium lord
 79832 | Pan      | Killed Ceceu the pandemonium lord
 80413 | Pan      | Found an exit through the horrors of the Abyss.
 80692 | Pan      | Noticed Zaowuvva the pandemonium lord
 80709 | Pan      | Killed Zaowuvva the pandemonium lord
 80890 | Pan      | Entered the realm of Mnoleg.
 80937 | Pan      | Noticed Mnoleg
 80954 | Pan      | Killed Mnoleg
 80987 | Pan      | Gained mutation: Your spells are easier to cast, but less
                  | powerful. [a neqoxec]
 80988 | Pan      | Gained mutation: Armour fits poorly on your strangely
                  | shaped body. [a neqoxec]
 81009 | Pan      | Got a glowing rune of Zot
 81152 | Pan      | Gained mutation: You are frail. (-10% HP) [a neqoxec]
 81723 | Pan      | Noticed Usaergh the pandemonium lord
 81735 | Pan      | Killed Usaergh the pandemonium lord
 81775 | Pan      | Got a heavily runed chain mail
 81878 | Pan      | Noticed Imauwe the pandemonium lord
 81902 | Pan      | Killed Imauwe the pandemonium lord
 82900 | Pan      | Entered the realm of Cerebov.
 83465 | Pan      | Got a heavily runed copper ring
 83470 | Pan      | Identified the ring of Tousmez {Wiz +Inv rPois rC+} (You
                  | found it in Pandemonium)
 83473 | Pan      | Got a steaming glass ring
 83475 | Pan      | Identified the ring of Compassion {+Fly rN+ Str+4 Dex+3}
                  | (You found it in Pandemonium)
 83567 | Pan      | Identified the +6 sword of Cerebov {flame}
 83567 | Pan      | Noticed Cerebov
 83613 | Pan      | Killed Cerebov
 83776 | Pan      | Identified the +6 chain mail of Grace {rF+ rN++ MP-9
                  | Stlth+} (You found it in Pandemonium)
 83827 | Pan      | Got a fiery rune of Zot
 84199 | Pan      | Lost mutation: You are very dopey. (Int -4) [potion of
                  | mutation]
 84199 | Pan      | Lost mutation: You are clumsy. (Dex -2) [potion of
                  | mutation]
 84199 | Pan      | Lost mutation: Scrolls take you much longer to read.
                  | [potion of mutation]
 84199 | Pan      | Gained mutation: You are partially covered in large bone
                  | plates. (SH +4) [potion of mutation]
 84227 | Pan      | Found an exit through the horrors of the Abyss.
 84232 | Pan      | Noticed Xugurhik the pandemonium lord
 84242 | Pan      | Killed Xugurhik the pandemonium lord
 84256 | Pan      | Reached skill level 27 in Invocations
 84416 | Pan      | Entered the realm of Lom Lobon.
 84462 | Pan      | Reached skill level 27 in Dodging
 84595 | Pan      | Noticed Lom Lobon
 84605 | Pan      | Got a magical rune of Zot
 85154 | Pan      | Gained mutation: You are clumsy. (Dex -2) [a cacodemon]
 85160 | Pan      | Gained mutation: Your magical capacity is very low. (-20%
                  | MP) [a cacodemon]
 85400 | Pan      | Gained mutation: You are very frail. (-20% HP) [a
                  | cacodemon]
 85702 | Depths:3 | Escaped Pandemonium
 86815 | Tomb:3   | Entered Level 3 of the Tomb of the Ancients
 86848 | Tomb:3   | Noticed a greater mummy
 86849 | Tomb:3   | Noticed a greater mummy
 86850 | Tomb:3   | Noticed a greater mummy
 86851 | Tomb:3   | Noticed a greater mummy
 86852 | Tomb:3   | The Shining One protects you from harm!
 86857 | Tomb:3   | Noticed a greater mummy
 86859 | Tomb:3   | Noticed a greater mummy
 86861 | Tomb:3   | Noticed a greater mummy
 86862 | Tomb:3   | Killed a greater mummy
 86862 | Tomb:3   | Killed a greater mummy
 86863 | Tomb:3   | HP: 3/216 [guardian mummy's death curse (30)]
 86863 | Tomb:3   | Succumbed to an ushabti's dark miasma

Vault maps used:
D:1:      dpeg_arrival_pits, minivault_19
D:2:      marbit_many_paths
D:3:      grunt_qazlal_sundering, minmay_statues_item
D:4:      trog_eyes_of_draining, okawaru_ov_weapons_minmay, first_ration,
          minmay_unequal
D:5:      glass_columns_b
D:6:      kennysheep_mini_moat, vehumet_altar_wand_db, uniq_sigmund
D:7:      minmay_the_grid_triangle_9x9_rhombus_thin, minmay_temple_entry_fiery,
          uniq_pikel, uniq_crazy_yiuf_cottage, uniq_menkaure
D:8:      nicolae_overflow_crystal_walls, basic_altar
D:9:      nicolae_dithmenos_the_darkroom, orc_0_dummy, serial_shops, shop,
          uniq_prince_ribbit1, uniq_psyche
D:10:     lair_entry_dummy, basic_altar, uniq_josephine
D:11:     lab_entry_generic
D:12:     cheibrodos_wizards_tower
D:13:     grunt_vaults_entry_tiered, nicolae_trove_entry_crossroad,
          grunt_tengu_nest
D:14:     minmay_roctagon, nicolae_wwwww
D:15:     grunt_enter_depths_hoard, nicolae_lava_and_water,
          nicolae_water_bricks, fountainhead, minivault_1
Temple:   eino_wide_crystal_templ
Lair:1:   special_room, serial_bayou_shore_b, serial_bayou_shore_a
Lair:2:   gammafunk_ghost_arena, grunt_megastairs_3, uniq_fannar
Lair:4:   gammafunk_cloud_chamber, minmay_shoals_entry_lonely_mermaid,
          minmay_snake_entry_guardpost_large
Lair:5:   dpeg_slime_entry_corner, gammafunk_ghost_icy,
          minmay_lair_oklob_chamber, grunt_megastairs_5
Lair:6:   evil_forest
Shoals:1: serial_shops, shop, centaur_isle
Shoals:2: portal_ice_cave_entry_pillars_four, nicolae_shoals_undead_eyrie,
          uniq_ilsuiw
Shoals:3: cheibrodos_shoals_roost, ebering_ghost_rock_garden,
          nicolae_shoals_hunting_party
Shoals:4: shoals_end_grunt_ice, shoal_ilsuiw
Snake:1:  basic_altar
Snake:2:  hangedman_cross_veins, basic_altar, serial_shops,
          nicolae_shop_statue_plus, nicolae_snake_double_loop, st_stairs_1,
          nrook_guardian_serpent_ordinary
Snake:3:  nicolae_snake_salamander_stairs, minmay_shop_grove, lemuel_fruit_tree,
          grunt_megastairs_2
Snake:4:  snake_pit, grunt_ministairs_6, fake_guardian_serpent_vault
Slime:3:  nicolae_slime_barrier
Orc:1:    basic_altar, uniq_nergalle
Orc:2:    grunt_orc_community_town_hall, grunt_orc_community_big_house_2,
          grunt_orc_community_big_house_1, grunt_orc_community_house_3,
          grunt_orc_community_house_1, grunt_orc_community_house_2,
          grunt_orc_community_house_3, grunt_orc_community_house_2,
          grunt_orc_community_house_1, uniq_azrael
Elf:1:    eino_elf_arrival_customs, kennysheep_underground_church,
          nicolae_elf_v_pinch, uniq_roxanne
Elf:2:    serial_shops, shop, shop, shop, shop, shop, mu_enter_wizlab_2,
          corner_web_ring, uniq_nikola
Elf:3:    elf_hall
Vaults:1: vaults_room_grunt_arrival_ludios, nicolae_vaults_network_quincunx,
          vaults_room_stairs_pillars, grunt_vaults_bifocal, vaults_dpeg_ring,
          v_misc_4, ontoclasm_vaults_gateway, ontoclasm_vaults_chip,
          vaults_dpeg_cross, serial_shops, freezing_bzr
Vaults:2: nicolae_vaults_asterisk, vaults_mumra_hex,
          nicolae_vaults_big_angled_halls, nicolae_vaults_little_squares_6,
          v_misc_11, v_rooms_2, v_misc_27, hangedman_vaults_cutoff,
          nicolae_vaults_windows_and_doors_thing, minmay_crypt_entry_simple_box,
          st_lines, uniq_jory
Vaults:3: gammafunk_vaults_ghost_cemetery, hangedman_vaults_river_flow,
          hangedman_vaults_stitches, v_alt_pattern_6,
          hangedman_vaults_hard_town_square, vaults_mumra_minichess,
          hangedman_vaults_pinch, v_alt_pattern_2, ontoclasm_vaults_misaligned,
          vaults_dpeg_hooks, nicolae_vaults_theta
Vaults:4: v_alt_pattern_4, v_rooms_4, v_misc_8, grunt_vaults_funnel, v_misc_30,
          hangedman_vaults_corner_blocks, nicolae_vaults_ring_of_whatevers,
          v_misc_9, vaults_room_hallway, nicolae_vaults_border_crossing,
          uniq_margery, uniq_mennas, uniq_boris, uniq_sojobo
Crypt:1:  roderic_lattice_octagonal_star
Crypt:2:  basic_altar
Crypt:3:  cryptofortress_bobbens, uniq_khufu
Tomb:1:   uniq_mara
Depths:1: hangedman_decor_push, grunt_hell_entry_dis_grunt,
          gammafunk_ghost_necromancy, kb_rosetta
Depths:2: giant_chief_lemuel, patterned_corridor, hell_entry,
          guppyfry_shop_blood, uniq_asterion
Depths:3: minmay_eyes, enter_ziggurat_f, hell_entry, abyss_entry_crystal,
          nemelex_xobeh_ov_fountains_minmay, pan_entry,
          serial_sigils_hangedman_scratch
Depths:4: evilmike_horseshoe, lightli_too_deep, rand_demon_pan_entry_3,
          abyss_entry, nicolae_ashenzari_panopticon,
          infiniplex_staircase_zigzag_3
Depths:5: evilmike_zot_entry_diamond, hell_entry, minmay_hedge_maze,
          serial_shops, bzr_entry_safe, abyss_entry,
          minmay_guarded_unrand_dyrovepreva
Geh:1:    nicolae_geh_fiery_graves, door_vault
Geh:7:    geh_mu
Coc:7:    coc_grunt_cove
Tar:1:    nicolae_tar_cuneiform_city, nicolae_tar_cuneiform_bird
Tar:4:    nicolae_tar_cuneiform_bread, nicolae_tar_cuneiform_two
Tar:7:    tar_grunt_cathedral
Abyss:2:  onia_ninara_dug_in_and_dangerous, evilmike_abyss_exit_5
Abyss:3:  evilmike_abyss_rune_ettins, dshaligram_kb_abyss_rune_zappy_water_cross
Abyss:4:  dshaligram_kb_abyss_rune_zappy_water_cross, evilmike_abyss_exit_glass,
          hangedman_steaming_rock
Abyss:5:  evilmike_abyss_exit_14, gammafunk_abyss_exit_x_factor
Pan:      regret_index_pan_draining_boxed, evilmike_mini_pan_T,
          nicolae_pan_sigil_nadil, rand_demon_6, nicolae_pan_gloorx_vloqian_2,
          evilmike_mini_pan_possible_glass, pan_blood_fountain,
          pan_blood_fountain_2, gloorx_vloq_st, evilmike_mini_pan_other_thingy,
          grunt_pan_spiral, evilmike_mini_pan_thingy, pan_blood_fountain,
          nicolae_pan_gloorx_vloqian_2, grunt_pan_zigzag, mnoleg_grunt,
          grunt_pan_in_and_out, nicolae_pan_diamonds, pan_blood_fountain_small,
          nicolae_pan_glass_arcs, nicolae_pan_gloorx_vloqian_3, cerebov_st,
          pan_blood_fountain, evilmike_mini_pan_layers,
          nicolae_pan_gloorx_vloqian_2, lom_lobon, nicolae_pan_cerebovesque_3,
          grunt_pan_in_and_out
Bazaar:   bazaar_jpeg_ribbon, bazaar_general_marketplace
IceCv:    ice_cave_caverns_03
WizLab:   wizlab_golubria

Skill      XL: |  1  2  3  4  5  6  7  8  9 10 11 12 13 14 15 16 17 18 19 20 21 22 23 24 25 26 27 |
---------------+----------------------------------------------------------------------------------+-----
Fighting       | 4 5 6 7 9 10 12 13 14 16 18 20 21 22 23 24 26 27 | 27.0
Axes           | 4 5 6 7 9 10 12 13 16 17 18 | 18.0
Armour         | 3 5 8 9 11 14 16 18 21 22 26 | 26.8
Dodging        | 3 4 5 6 7 9 10 11 13 15 16 17 19 20 21 23 24 27 | 27.0
Throwing       | 1 2 4 5 7 10 14 17 18 23 | 23.3
Shields        | 4 9 14 17 19 21 25 | 25.9
Invocations    | 5 27 | 27.0

Action                   |  1- 3 |  4- 6 |  7- 9 | 10-12 | 13-15 | 16-18 | 19-21 | 22-24 | 25-27 || total
-------------------------+-------+-------+-------+-------+-------+-------+-------+-------+-------++-------
Melee: Hand axe          |    65 |    86 |       |       |       |       |       |       |       ||   151
       Headbutt          |    13 |    19 |    40 |    74 |   177 |   182 |   310 |   335 |  1612 ||  2762
       War axe           |       |    17 |   191 |   197 |   393 |       |       |       |       ||   798
       Battleaxe         |       |       |       |    98 |       |       |       |       |       ||    98
       Broad axe         |       |       |       |       |   424 |   754 |  1038 |  1010 |  5364 ||  8590
       Kick              |       |       |       |       |       |       |       |   232 |       ||   232
Throw: Javelin           |       |       |     7 |       |    15 |   295 |   351 |    54 |   411 ||  1133
       Tomahawk          |       |       |       |       |       |    26 |       |       |       ||    26
       Throwing net      |       |       |       |       |       |     1 |       |       |     1 ||     2
Invok: Berserk           |       |     2 |       |     2 |     2 |     4 |       |     1 |     1 ||    12
       Trog's Hand       |       |       |     2 |     3 |     5 |     3 |     3 |     5 |     2 ||    23
       Brothers in Arms  |       |       |     1 |     1 |       |     9 |     2 |     6 |     5 ||    24
       Divine Shield     |       |       |       |       |       |       |       |       |    56 ||    56
       Summon Divine War |       |       |       |       |       |       |       |       |    49 ||    49
       Cleansing Flame   |       |       |       |       |       |       |       |       |    38 ||    38
       Brand Weapon With |       |       |       |       |       |       |       |       |     1 ||     1
Evoke: Wand              |       |       |       |       |     1 |       |       |       |     1 ||     2
       Box of beasts     |       |       |       |       |       |       |       |       |     1 ||     1
  Use: Scroll            |       |       |     7 |    11 |    15 |    11 |     6 |     2 |    46 ||    98
       Potion            |       |       |     2 |     2 |     2 |     9 |     3 |     2 |    49 ||    69
 Stab: Distracted        |       |       |       |     1 |       |       |     1 |     5 |     3 ||    10
       Invisible         |       |       |       |       |     3 |       |       |       |       ||     3
  Eat: Ration            |       |     2 |     2 |     6 |     6 |    11 |    11 |    10 |    42 ||    90
       Chunk             |       |       |     5 |     2 |    11 |     4 |     2 |     1 |     2 ||    27
Armor: Ring mail         |    25 |    17 |       |       |       |       |       |       |       ||    42
       Animal skin       |     2 |       |       |       |       |       |       |       |       ||     2
       Chain mail        |       |    30 |    71 |    66 |       |   288 |    98 |       |       ||   553
       Troll leather arm |       |       |       |    38 |   175 |       |       |       |       ||   213
       Plate armour      |       |       |       |       |    56 |   114 |   188 |   169 |   724 ||  1251
Dodge: Dodged            |    45 |    46 |    91 |   178 |   483 |   394 |   389 |   299 |  1475 ||  3400
       Deflected         |       |       |       |       |       |       |     1 |    29 |    83 ||   113
Block: Buckler           |       |       |       |       |   102 |   223 |    11 |       |       ||   336
       Reflection        |       |       |       |       |       |    29 |   107 |   110 |    96 ||   342
       Shield            |       |       |       |       |       |       |   695 |    38 |       ||   733
       Large shield      |       |       |       |       |       |       |       |   849 |  5679 ||  6528

Table legend:
 A = Non-vault XP
 B = Vault XP
 C = Vault XP percentage of total XP
 D = Non-vault monster count
 E = Vault monster count
 F = Vault count percentage of total count
                 A         B        C        D         E       F
            +---------+---------+-------+---------+---------+-------
      Total | 1674985 | 1363215 |  44.9 |    2858 |    1489 |  34.3
            +---------+---------+-------+---------+---------+-------
        D:1 |      36 |       0 |   0.0 |      24 |       0 |   0.0
        D:2 |      82 |       2 |   2.4 |      21 |       1 |   4.5
        D:3 |     175 |       0 |   0.0 |      16 |       0 |   0.0
        D:4 |     340 |     281 |  45.2 |      20 |       7 |  25.9
        D:5 |     430 |       0 |   0.0 |      14 |       0 |   0.0
        D:6 |     789 |     229 |  22.5 |      23 |       2 |   8.0
        D:7 |    1074 |    2166 |  66.9 |      20 |      12 |  37.5
        D:8 |    1724 |       0 |   0.0 |      31 |       0 |   0.0
        D:9 |    3857 |     713 |  15.6 |      28 |       2 |   6.7
       D:10 |    2492 |    1699 |  40.5 |      40 |       4 |   9.1
       D:11 |     920 |       0 |   0.0 |      14 |       0 |   0.0
       D:12 |    2816 |    1773 |  38.6 |      20 |       3 |  13.0
       D:13 |    6585 |    6655 |  50.3 |      24 |      25 |  51.0
       D:14 |    7947 |    4333 |  35.3 |      24 |       7 |  22.6
       D:15 |   11090 |    1983 |  15.2 |      26 |       2 |   7.1
     Lair:1 |    2669 |    1502 |  36.0 |      12 |      20 |  62.5
     Lair:2 |    3979 |    1622 |  29.0 |      23 |       4 |  14.8
     Lair:3 |    4243 |       0 |   0.0 |      17 |       0 |   0.0
     Lair:4 |    2737 |    3316 |  54.8 |      13 |      14 |  51.9
     Lair:5 |   14608 |    7388 |  33.6 |      31 |      17 |  35.4
     Lair:6 |    7291 |   10172 |  58.2 |      24 |      26 |  52.0
   Shoals:1 |    8052 |    1720 |  17.6 |      13 |       6 |  31.6
   Shoals:2 |    7309 |    5431 |  42.6 |      10 |      10 |  50.0
   Shoals:3 |   17167 |   10607 |  38.2 |      38 |      17 |  30.9
   Shoals:4 |   18203 |   25153 |  58.0 |      32 |      34 |  51.5
    Snake:1 |   12688 |       0 |   0.0 |      22 |       0 |   0.0
    Snake:2 |   27729 |   14720 |  34.7 |      50 |      24 |  32.4
    Snake:3 |   22895 |    3222 |  12.3 |      40 |       3 |   7.0
    Snake:4 |   10863 |   36647 |  77.1 |      24 |      56 |  70.0
    Slime:1 |   16731 |       0 |   0.0 |      30 |       0 |   0.0
    Slime:2 |   13745 |       0 |   0.0 |      18 |       0 |   0.0
    Slime:3 |     772 |       0 |   0.0 |       4 |       0 |   0.0
    Slime:4 |    3061 |    5138 |  62.7 |      11 |       2 |  15.4
    Slime:5 |    9358 |   23336 |  71.4 |      19 |       8 |  29.6
      Orc:1 |    1173 |     808 |  40.8 |      13 |       1 |   7.1
      Orc:2 |    5318 |    8374 |  61.2 |      18 |      77 |  81.1
      Elf:1 |   19974 |    7193 |  26.5 |      31 |      12 |  27.9
      Elf:2 |   23541 |   29454 |  55.6 |      38 |      34 |  47.2
      Elf:3 |   19809 |   33461 |  62.8 |      37 |      28 |  43.1
   Vaults:1 |   39510 |   13248 |  25.1 |      81 |      24 |  22.9
   Vaults:2 |   19805 |   36299 |  64.7 |      35 |      52 |  59.8
   Vaults:3 |   22997 |   33789 |  59.5 |      34 |      43 |  55.8
   Vaults:4 |   37128 |   39684 |  51.7 |      54 |      29 |  34.9
   Vaults:5 |   32903 |  121140 |  78.6 |      41 |      87 |  68.0
    Crypt:1 |   20472 |       0 |   0.0 |      30 |       0 |   0.0
    Crypt:2 |   28256 |     223 |   0.8 |      39 |       1 |   2.5
    Crypt:3 |       0 |   85794 | 100.0 |       0 |      92 | 100.0
     Tomb:1 |    4948 |  104998 |  95.5 |      15 |      41 |  73.2
     Tomb:2 |    4925 |   30434 |  86.1 |      15 |      36 |  70.6
     Tomb:3 |   13827 |   29671 |  68.2 |      26 |      26 |  50.0
   Depths:1 |   45114 |   16551 |  26.8 |      65 |      16 |  19.8
   Depths:2 |   24110 |   47036 |  66.1 |      28 |      41 |  59.4
   Depths:3 |   24070 |   13433 |  35.8 |      41 |      25 |  37.9
   Depths:4 |   33427 |   25694 |  43.5 |      33 |      19 |  36.5
   Depths:5 |   44334 |   19866 |  30.9 |      44 |      10 |  18.5
       Hell |   18610 |   45470 |  71.0 |      24 |      58 |  70.7
      Geh:1 |    8133 |       0 |   0.0 |      24 |       0 |   0.0
      Geh:2 |   24394 |       0 |   0.0 |      58 |       0 |   0.0
      Geh:3 |   10692 |       0 |   0.0 |      21 |       0 |   0.0
      Geh:4 |   11863 |       0 |   0.0 |      20 |       0 |   0.0
      Geh:5 |   37057 |       0 |   0.0 |      56 |       0 |   0.0
      Geh:6 |   27335 |       0 |   0.0 |      56 |       0 |   0.0
      Geh:7 |   89243 |   64042 |  41.8 |     147 |      41 |  21.8
      Coc:1 |   14011 |       0 |   0.0 |      34 |       0 |   0.0
      Coc:2 |    7298 |       0 |   0.0 |      15 |       0 |   0.0
      Coc:3 |   16642 |       0 |   0.0 |      51 |       0 |   0.0
      Coc:4 |    5490 |       0 |   0.0 |      15 |       0 |   0.0
      Coc:5 |   13102 |       0 |   0.0 |      24 |       0 |   0.0
      Coc:6 |   41092 |       0 |   0.0 |      16 |       0 |   0.0
      Coc:7 |   80898 |   47778 |  37.1 |      89 |      54 |  37.8
      Tar:1 |    4858 |       0 |   0.0 |       7 |       0 |   0.0
      Tar:2 |    2179 |       0 |   0.0 |       4 |       0 |   0.0
      Tar:3 |   24487 |       0 |   0.0 |      37 |       0 |   0.0
      Tar:4 |   36243 |       0 |   0.0 |      49 |       0 |   0.0
      Tar:5 |   35394 |       0 |   0.0 |      40 |       0 |   0.0
      Tar:6 |     865 |       0 |   0.0 |       3 |       0 |   0.0
      Tar:7 |   48912 |   46565 |  48.8 |      59 |      39 |  39.8
    Abyss:2 |    1164 |       0 |   0.0 |       2 |       0 |   0.0
    Abyss:3 |   23171 |       0 |   0.0 |      45 |       0 |   0.0
    Abyss:4 |   12036 |    5120 |  29.8 |      14 |      12 |  46.2
        Pan |  369102 |  270357 |  42.3 |     453 |     223 |  33.0
        Lab |     616 |       0 |   0.0 |       1 |       0 |   0.0
      IceCv |       0 |   10371 | 100.0 |       0 |      48 | 100.0
     WizLab |       0 |    6554 | 100.0 |       0 |      14 | 100.0
            +---------+---------+-------+---------+---------+-------
